 Dungeon Crawl Stone Soup version 0.15-a0-1788-ga796aff (webtiles) character file.

228 JogiH the Magician (level 6, -7/34 HPs)
             Began as a Gargoyle Wizard on June 29, 2014.
             Mangled by Prince Ribbit (16 damage)
             ... on Level 4 of the Dungeon.
             The game lasted 00:20:14 (4514 turns).

JogiH the Magician (Gargoyle Wizard)                Turns: 4514, Time: 00:20:14

HP  -7/34        AC  8     Str 11      XL: 6   Next:  2%
MP   4/15        EV 11     Int 22      God:
Gold 175         SH  3     Dex  8      Spells:  5 memorised,  2 levels left

rFire  . . .     SeeInvis .     e - +1 mace
rCold  . . .     Clarity  .     a - +0 robe
rNeg   + . .     rCorr    +     f - +0 buckler
rPois  +         rRot     +     b - +0 hat
rElec  +         Spirit   .     (no cloak)
SustAb .         Warding  .     s - +1 pair of gloves
rMut   .         Stasis   .     (no boots)
Gourm  .                        j - amulet of resist corrosion
MR     .....                    A - ring of wizardry
                                z - +2 ring of intelligence

@: very slightly contaminated, not resistant to hostile enchantments, unstealthy
A: life protection 1, electricity resistance, unbreathing, petrification
resistance, rot immunity, AC +4
a: no special abilities


You were on level 4 of the Dungeon.
You were near starving.

You visited 1 branch of the dungeon, and saw 5 of its levels.

You collected 175 gold pieces.

Inventory:

Hand weapons
 e - a +1 mace (weapon)
 l - a +2 short sword of speed
 y - a +3 whip
Armour
 a - a +0 robe (worn)
 b - a +0 hat (worn)
 f - a +0 buckler (worn)
 s - a +1 pair of gloves (worn)
Comestibles
 d - 7 bread rations
 g - 3 meat rations
 n - a royal jelly
 t - a slice of pizza
Scrolls
 h - 3 scrolls of remove curse
 i - 2 scrolls of enchant armour
 k - 4 scrolls of teleportation
 w - a scroll of enchant weapon
Jewellery
 j - an amulet of resist corrosion (around neck)
 z - a +2 ring of intelligence (left hand)
 A - a ring of wizardry (right hand)
 B - an uncursed ring of magical power {unknown}
Potions
 m - 2 potions of restore abilities {unknown}
 o - a potion of might {unknown}
 p - a potion of mutation {unknown}
 q - a potion of confusion {unknown}
 r - 2 potions of heal wounds {unknown}
 u - a potion of cure mutation {unknown}
 x - 2 potions of brilliance {unknown}
Books
 c - a book of Minor Magic

   Spells                             Type                      Level
   *Magic Dart                        Conjuration                  1
   *Blink                             Translocation                2
   *Call Imp                          Summoning                    2
   Repel Missiles                     Charms/Air                   2
   Slow                               Hexes                        2
   *Conjure Flame                     Conjuration/Fire             3
   *Mephitic Cloud                    Conjuration/Poison/Air       3
 v - a book of the Warp

   Spells                             Type                      Level
   Control Teleport                   Charms/Translocation         4
   Phase Shift                        Translocation                5
   Warp Weapon                        Charms/Translocation         5
   Dispersal                          Translocation                6
   Controlled Blink                   Translocation                7
   Disjunction                        Translocation                8


   Skills:
 - Level 1.0 Fighting
 - Level 1.0 Maces & Flails
 + Level 2.1 Dodging
 - Level 2.1 Stealth
 * Level 0.7 Shields
 + Level 4.1 Spellcasting
 * Level 2.7 Conjurations
 - Level 1.0 Summonings
 + Level 1.3 Translocations
 * Level 1.9 Fire Magic
 * Level 0.5 Air Magic
 * Level 0.4 Poison Magic


You had 2 spell levels left.
You knew the following spells:

 Your Spells              Type           Power        Failure   Level  Hunger
a - Magic Dart            Conj           ###.         1%          1    None
b - Blink                 Tloc           N/A          4%          2    #......
c - Call Imp              Summ           #.......     4%          2    #......
d - Conjure Flame         Conj/Fire      ##......     7%          3    ###....
e - Mephitic Cloud        Conj/Pois/Air  #.......     10%         3    ###....


Dungeon Overview and Level Annotations

Branches:
Dungeon (5/15)
 Temple: D:4-7

Altars:
Nemelex Xobeh
Okawaru
Qazlal
Trog
Yredelemnul

Annotations:
D:4 Edmund, Prince Ribbit


Innate Abilities, Weirdness & Mutations

You are resistant to torment.
You are immune to poison.
Your stone body is very resilient (AC +4).
You resist negative energy.
You are resistant to electric shocks.
You can survive without breathing.
You are immune to petrification.
You are immune to rotting.


Message History

Your experience leads to an increase in your attributes!
Increase (S)trength, (I)ntelligence, or (D)exterity?
You feel clever.
Prince Ribbit is engulfed in roaring flames.
Prince Ribbit hits you!
Prince Ribbit momentarily phases out as your attack passes through him.
Prince Ribbit is moderately wounded.
Prince Ribbit closely misses you.
Prince Ribbit blinks!
Things that are here:
a flail; a chain mail Prince Ribbit blinks!
Prince Ribbit blinks!
Prince Ribbit blinks!
Prince Ribbit blinks!
Prince Ribbit closely misses you.
Prince Ribbit croaks regally.
Prince Ribbit hits you!
* * * LOW HITPOINT WARNING * * *
Prince Ribbit hits you!
You die...

......###........#
#....##
.............ยง...#
#.....##
####............##
#......# #
###........).# ##.....#
# ###........# #......
# ###..Z...######
##..... #
##.......##.###
###..... #
####..F......###.......
# ###@.......#..#####.
# ##.........## ## #
###......)## ##.......#
#........# #.........#
#..##......# #..#
##......# .# ###...##


You could see Prince Ribbit and an ogre skeleton.

Vanquished Creatures
  A scorpion (D:4)
  An iguana (D:4)
  A worker ant (D:4)
  2 big fish zombies (D:2)
  2 gnolls (D:3)
  An adder (D:2)
  2 giant mites
  A worm (D:3)
  A giant gecko (D:1)
  5 orcs
  5 hobgoblins
  7 jackals
  A ball python (D:2)
  8 bats
  6 giant cockroaches
  2 giant newts (D:2)
  7 goblins
  11 kobolds
  5 rats
69 creatures vanquished.

Vanquished Creatures (collateral kills)
  A gnoll (D:2)
  A worm (D:2)
2 creatures vanquished.

Grand Total: 71 creatures vanquished

Notes
Turn   | Place    | Note
--------------------------------------------------------------
     0 | D:1      | JogiH, the Gargoyle Wizard, began the quest for the Orb.
     0 | D:1      | Reached XP level 1. HP: 10/10 MP: 4/4
   340 | D:2      | Reached XP level 2. HP: 15/15 MP: 3/6
   344 | D:2      | Learned a level 2 spell: Blink
   347 | D:2      | Learned a level 2 spell: Call Imp
   451 | D:2      | Found an iron altar of Okawaru.
   914 | D:2      | Found a sparkling altar of Nemelex Xobeh.
   915 | D:2      | Found a stormy altar of Qazlal.
  1056 | D:2      | Reached XP level 3. HP: 12/19 MP: 8/8
  1337 | D:3      | Learned a level 3 spell: Conjure Flame
  1386 | D:3      | Reached skill level 1 in Maces & Flails
  1512 | D:5      | Entered Level 5 of the Dungeon
  1571 | D:2      | Reached skill level 1 in Summonings
  1698 | D:2      | Reached skill level 1 in Fighting
  1698 | D:2      | Reached XP level 4. HP: 22/25 MP: 3/10
  1979 | D:2      | Reached skill level 1 in Translocations
  2065 | D:2      | Found a basalt altar of Yredelemnul.
  2761 | D:2      | Reached skill level 1 in Fire Magic
  2976 | D:4      | Noticed a scorpion
  3006 | D:4      | Killed a scorpion
  3006 | D:4      | Reached XP level 5. HP: 22/29 MP: 1/12
  3049 | D:4      | Learned a level 3 spell: Mephitic Cloud
  3088 | D:4      | Noticed Edmund
  3537 | D:3      | Reached skill level 4 in Spellcasting
  3630 | D:3      | Found a bloodstained altar of Trog.
  4467 | D:4      | Noticed Prince Ribbit
  4496 | D:4      | Reached XP level 6. HP: 31/34 MP: 1/15
  4514 | D:4      | Mangled by Prince Ribbit

Action                   |  1- 3 |  4- 6 || total
-------------------------+-------+-------++-------
Melee: Mace              |    35 |    91 ||   126
 Cast: Magic Dart        |    62 |    75 ||   137
       Call Imp          |     2 |     4 ||     6
       Blink             |     3 |     4 ||     7
       Conjure Flame     |       |     6 ||     6
       Mephitic Cloud    |       |     3 ||     3
  Use: Scroll            |       |     6 ||     6
 Stab: Sleeping          |       |     1 ||     1
       Confused          |       |     1 ||     1
